 Dungeon Crawl Stone Soup version 0.27.1 (webtiles) character file.

Game seed: 3540429763384684456

896 Kangaroobicon the Chucker (level 7, -3/60 HPs)
             Began as a Troll Warper on Aug 28, 2021.
             Was a Priest of Hepliaklqana.
             Killed by divine providence
             ... invoked by an orc priest
              (11 damage)
             ... on level 6 of the Dungeon.
             The game lasted 01:13:15 (4176 turns).

Kangaroobicon the Chucker (Troll Warper)            Turns: 4176, Time: 01:13:16

Health: -3/60      AC:  6    Str: 20    XL:     7   Next: 78%
Magic:  6/8        EV: 10    Int: 10    God:    Hepliaklqana [***...]
Gold:   250        SH:  0    Dex: 10    Spells: 1/8 levels left

rFire    . . .     SeeInvis .   c - +2 short sword (flame)
rCold    . . .     Faith    .   (no shield)
rNeg     + . .     Spirit   .   i - +2 robe {rN+}
rPois    +         Reflect  .   (helmet restricted)
rElec    .         Harm     .   (no cloak)
rCorr    .         Rampage  .   (gloves unavailable)
Will     .....                  (boots unavailable)
Stlth    +.........             (no amulet)
HPRegen  1.20/turn              P - ring of poison resistance
MPRegen  0.11/turn              u - ring of flight

@: flying
A: reduced essence, large, unfitting armour, claws 3, regeneration 1, shaggy fur
1, tough skin 1
a: Renounce Religion, Ancestor Life: Knight, Ancestor Life: Battlemage, Ancestor
Life: Hexer, Recall Ancestor, Ancestor Identity, Transference


You were on level 6 of the Dungeon.
You worshipped Hepliaklqana.
Hepliaklqana was most pleased with you.
You visited 2 branches of the dungeon, and saw 7 of its levels.

You collected 316 gold pieces.
You spent 66 gold pieces at shops.

Inventory:

Hand Weapons
 a - a +0 mace
 b - a +0 giant spiked club
 c - a +2 short sword of flaming (weapon)
 j - a +0 dagger
 l - a +0 dagger
 p - a +0 dagger
 s - a +0 battleaxe
 w - a +0 dagger
 x - a +0 dagger
 y - a +0 dagger
 z - a +0 dagger
 A - a +0 short sword
 B - a +0 short sword
 C - a +0 dagger
 E - a +0 short sword
 F - a +0 glaive
 K - a +0 great sword
 L - a +0 dagger
 M - a +0 short sword
 N - a +0 hand axe
 Q - a +2 mace of pain
 S - a +0 long sword
 T - a +0 hunting sling
Missiles
 d - 5 boomerangs of dispersal
 e - 176 stones
 g - 6 curare-tipped darts
 n - 6 poisoned darts (quivered)
 o - 10 boomerangs
 q - 48 arrows
 r - 42 sling bullets
 H - 36 bolts
 O - 2 silver boomerangs
Armour
 i - a +2 robe of positive energy (worn)
Jewellery
 u - a ring of flight (right claw)
 P - a ring of poison resistance (left claw)
Scrolls
 f - 3 scrolls of teleportation {unknown}
 k - 9 scrolls of identify {unknown}
 m - 2 scrolls of amnesia {unknown}
 t - a scroll of blinking
 v - a scroll of enchant armour {unknown}
 D - a scroll of acquirement {unknown}
 J - a scroll of torment {unknown}
 Y - a scroll of immolation {unknown}
Potions
 h - 3 potions of curing {unknown}
 G - a potion of heal wounds {unknown}
 I - a potion of attraction {unknown}
 R - 2 potions of degeneration {unknown}
 U - a potion of berserk rage {unknown}
 W - a potion of flight {unknown}
 X - a potion of haste {unknown}
 Z - a potion of invisibility {unknown}


   Skills:
 + Level 3.0 Fighting
 + Level 3.6 Short Blades
 + Level 2.6 Maces & Flails
 + Level 3.8 Throwing
 + Level 3.5 Dodging
 + Level 1.2 Stealth
 + Level 1.3 Spellcasting
 + Level 2.4 Translocations


You had one spell level left.
You knew the following spells:

 Your Spells              Type           Power      Damage    Failure   Level
a - Blink                 Tloc           N/A        N/A       19%         2
b - Teleport Other        Tloc           5%         N/A       36%         3
c - Slow                  Hex            0%         N/A       45%         2

Your spell library contained the following spells:

 Spells                   Type           Power      Damage    Failure   Level
 Gell's Gravitas          Tloc           2%         N/A       36%         3
 Lesser Beckoning         Tloc           2%         N/A       36%         3
 Sublimation of Blood     Necr           0%         N/A       45%         2
 Confusing Touch          Hex            0%         N/A       69%         3
 Petrify                  Tmut/Erth      0%         N/A       97%         4
 Manifold Assault         Tloc           5%         N/A       98%         5
 Irradiate                Conj/Tmut      0%         3d14      100%        5
 Yara's Violent Unravell  Hex/Tmut       0%         3d3       100%        5


Dungeon Overview and Level Annotations

Branches:
Dungeon (6/15)             Temple (1/1) D:5

Altars:
Ashenzari
Cheibriados
Dithmenos
Elyvilon
Fedhas
Gozag
Hepliaklqana
Kikubaaqudgha
Nemelex Xobeh
Sif Muna
Trog
Uskayaw
Vehumet
Wu Jian
Yredelemnul
Zin

Shops:
D:1 (


Innate Abilities, Weirdness & Mutations

Your life essence is reduced to manifest your ancestor. (-10% HP)
You are too large for most types of armour.
You have claws for hands.
Your natural rate of healing is unusually fast.
You are covered in fur. (AC +1)
You have tough skin. (AC +1)


Message History

Something hits you.
Deactivating autopickup; reactivate with Ctrl-A.
You barely miss the orc priest.
Kaya barely misses the orc priest.
The centaur shoots an arrow.
The arrow hits Kaya!
Kaya is destroyed!
The orc priest misses you.
The orc warrior hits you with a +0 halberd.
You completely miss the orc priest.
The centaur shoots an arrow.
The arrow barely misses you. Something hits you but does no damage.
The orc priest barely misses you.
The orc warrior hits you with a +0 halberd!!
* * * LOW HITPOINT WARNING * * *
The centaur shoots an arrow.
The arrow misses you.
Cast which spell? (? or * to list)
You blink.
You see here a viscous golden potion.
Throw: 9 darts (poison)
Press: ? - help, Q - select action, (/) - cycle Shift-Dir - straight line, f - centaur, p - orc priest
Aim: a centaur, wielding a +0 shortbow and quivering arrows (69% to hit)
You throw a poisoned dart. The poisoned dart hits the centaur!
The centaur is poisoned.
The centaur shoots an arrow.
The arrow hits you.
* * * LOW HITPOINT WARNING * * *
The orc priest casts a cantrip, but nothing happens.
Throw: 8 darts (poison)
Press: ? - help, Q - select action, (/) - cycle Shift-Dir - straight line, f/p - centaur
Aim: a centaur, wielding a +0 shortbow and quivering arrows (very poisoned, 69% to hit)
You throw a poisoned dart.
The poisoned dart barely misses the centaur.
Throw: 7 darts (poison)
Press: ? - help, Q - select action, (/) - cycle Shift-Dir - straight line, f/p - centaur
Aim: a centaur, wielding a +0 shortbow and quivering arrows (lightly wounded, very poisoned, 69% to hit)
You throw a poisoned dart.
The poisoned dart barely misses the centaur.
The centaur shoots an arrow.
The arrow barely misses you.
You closely miss something.
The centaur shoots an arrow.
The arrow closely misses you.
The orc priest invokes the aid of Beogh against you.
Beogh smites you!
You die...

#.... ..####..(. ######
. ###......... ......
8. ##..........# ###.
.##...........######...
.......c(..........##
#......(.(..#######
#....oo....##
#..@{......#
#..........#
..............#
..##############


You could see an orc warrior, a centaur (very poisoned) and an orc priest.

Vanquished Creatures
  Grinder (D:4)
  A sky beast (D:5)
  An ogre (D:5)
  A bullfrog (D:4)
  2 water moccasin skeletons
  A hound (D:5)
  A centaur zombie (D:5)
  An iguana (D:5)
  Robin (D:3)
  3 adders
  2 ufetubi (D:5)
  A worm (D:3)
  A dart slug (D:2)
  An orc (D:3)
  4 bats
  4 endoplasms
  A giant cockroach (D:2)
  8 hobgoblins
  2 jackals (D:1)
  A quokka (D:5)
  6 ball pythons
  6 frilled lizards
  11 goblins
  5 kobolds
  5 rats
  2 bushes (D:2)
73 creatures vanquished.

Vanquished Creatures (collateral kills)
  A black bear (D:5)
  A bullfrog (D:6)
  An adder (D:2)
  A worm (D:2)
  An orc (D:4)
  2 goblins
  A hobgoblin (D:4)
  A ball python (D:1)
9 creatures vanquished.

Vanquished Creatures (others)
  2 ancestors
  3 plants
5 creatures vanquished.

Grand Total: 87 creatures vanquished

Notes
Turn   | Place    | Note
-------+----------+-------------------------------------------
     0 | D:1      | Kangaroobicon the Troll Warper began the quest for the Orb.
     0 | D:1      | Reached XP level 1. HP: 19/19 MP: 1/1
    72 | D:1      | Reached skill level 1 in Throwing
    74 | D:1      | Reached XP level 2. HP: 11/27 MP: 3/3
   195 | D:1      | Learned a level 2 spell: Blink
   221 | D:1      | Found a faded altar of an unknown god.
   229 | D:1      | Became a worshipper of Hepliaklqana the Forgotten
   229 | D:1      | Reached * piety under Hepliaklqana
   422 | D:1      | Found Xiostob's Weapon Emporium.
   431 | D:1      | Bought 15 poisoned darts for 66 gold pieces
   520 | D:2      | Reached XP level 3. HP: 29/31 MP: 4/4
  1117 | D:2      | Reached ** piety under Hepliaklqana
  1490 | D:3      | Found a snail-covered altar of Cheibriados.
  1559 | D:3      | Noticed Robin
  1563 | D:3      | Reached XP level 4. HP: 37/37 MP: 5/5
  1580 | D:3      | Killed Robin
  1593 | D:3      | Reached skill level 1 in Short Blades
  2194 | D:3      | Learned a level 3 spell: Teleport Other
  2328 | D:4      | Noticed a bullfrog
  2332 | D:4      | Killed a bullfrog
  2333 | D:4      | Reached XP level 5. HP: 42/44 MP: 6/6
  2386 | D:4      | Reached *** piety under Hepliaklqana
  2561 | D:4      | Noticed Grinder
  2576 | D:4      | Killed Grinder
  2577 | D:4      | Reached XP level 6. HP: 37/53 MP: 7/7
  2990 | D:4      | Learned a level 2 spell: Slow
  2991 | D:5      | Entered Level 5 of the Dungeon
  3007 | D:5      | Noticed a sky beast
  3035 | D:5      | Killed a sky beast
  3097 | D:5      | Reached XP level 7. HP: 57/59 MP: 8/8
  3124 | D:5      | Found a staircase to the Ecumenical Temple.
  3169 | D:5      | Found a radiant altar of Vehumet.
  3302 | D:5      | Reached skill level 1 in Stealth
  3504 | D:5      | Found a hazy altar of Hepliaklqana.
  3650 | Temple   | Entered the Ecumenical Temple
  3655 | D:5      | Found a broken altar of Ashenzari.
  4176 | D:6      | Killed from afar by an orc priest

Illustrated notes

Levels and vault maps discovered:
D:1:      eino_arrival_water_cross, layout_rooms, serial_shops, shop_fountains,
          basic_ecumenical_altar
D:2:      layout_loops_corners, serial_forest, infiniplex_forest_lined_2,
          infiniplex_forest_clump_cross, infiniplex_forest_lined_ring,
          infiniplex_forest_clump_double, infiniplex_forest_straight_3,
          infiniplex_forest_straight_2
D:3:      layout_basic, slow_altar_1, uniq_robin
D:4:      layout_gridville, uniq_grinder
D:5:      layout_basic, nicolae_hepliaklqana_hippocampus,
          mainiacjoe_overflow_tiny_flanked, mainiacjoe_overflow_surrounded_room,
          temple_doors_e, serial_bayou_pond_a
D:6:      layout_rooms, lemuel_doored_altar, led_xom_imps, tso_metal_star,
          uniq_sigmund
Temple:   nicolae_temple_no_exploring_needed

Skill      XL: |  1  2  3  4  5  6  7 |
---------------+----------------------+-----
Throwing       | 1 2 3 |  3.8
Dodging        | 2 3 |  3.5
Maces & Flails | 2 |  2.6
Fighting       | 2 3 |  3.0
Short Blades   | 1 2 3 |  3.6
Stealth        | 1 |  1.2
Spellcasting   | |  1.3
Translocations | |  2.4

Action                   |  1- 3 |  4- 6 |  7- 9 || total
-------------------------+-------+-------+-------++-------
Melee: Mace              |    38 |       |       ||    38
       Short sword       |   189 |    93 |    42 ||   324
 Fire: Hunting sling     |       |     2 |       ||     2
Throw: Dart              |     8 |    30 |    10 ||    48
 Cast: Blink             |       |       |     1 ||     1
  Use: Scroll            |     1 |       |       ||     1
Armor: Robe              |    48 |    27 |    15 ||    90
Dodge: Dodged            |    92 |    52 |    30 ||   174
